 Seeded DCSS version 0.29-a0-664-gff9cad4a3d (webtiles) character file.

Game seed: 12781424815227474791 (custom seed)

2674 zeratav the Tainter (level 9, -4/94 (96) HPs)
             Began as an Ogre Venom Mage on June 22, 2022.
             Was a Follower of Wu Jian.
             Slain by a two-headed ogre
             ... wielding a +0 giant club
              (6 damage)
             ... on level 8 of the Dungeon.
             The game lasted 00:22:01 (8981 turns).

zeratav the Tainter (Ogre Venom Mage)               Turns: 8981, Time: 00:22:01

HP:   -4/94 (96)    AC: 10    Str: 18    XL:     9   Next: 63%
MP:   0/30          EV: 10    Int: 16    God:    Wu Jian [*.....]
Gold: 329           SH:  0    Dex:  9    Spells: 13/18 levels left

rFire   . . .      SeeInvis .   a - +0 mace (venom) {mace}
rCold   . . .      Faith    .   u - orb {light}
rNeg    . . .      Spirit   +   t - +4 moon troll leather armour {Spirit, Regen++ MP+5}
rPois   .          Reflect  .   (helmet restricted)
rElec   .          Harm     .   x - +0 cloak
rCorr   .          Rampage  .   (gloves unavailable)
Will    .....                   (boots unavailable)
Stlth   ..........              (no amulet)
HPRegen 1.85/turn               r - ring of magical power
MPRegen 0.22/turn               (no ring)

@: silenced, glowing, lightly drained
A: large, unfitting armour, tough skin 1
a: Renounce Religion


You were on level 8 of the Dungeon.
You worshipped Wu Jian.
Wu Jian was aware of your devotion.
You visited 2 branches of the dungeon, and saw 9 of its levels.

You collected 373 gold pieces.
You spent 44 gold pieces at shops.


Innate Abilities, Weirdness & Mutations

You are too large for most types of armour.
You have tough skin. (AC +1)


   Skills:
 - Level 8.0 Fighting
 + Level 3.2 Armour
 - Level 5.0 Dodging
 - Level 1.4 Stealth
 + Level 5.1 Spellcasting
 - Level 0.8 Transmutations
 - Level 8.0 Poison Magic


You had 13 spell levels left.
You knew the following spells:

 Your Spells              Type           Power      Damage    Failure   Level
a - Sting                 Tmut/Pois      72%        1d6       3%          1
b - Olgreb's Toxic Radia  Pois           29%        N/A       7%          4

Your spell library contained the following spells:

 Spells                   Type           Power      Damage    Failure   Level
 Poisonous Vapours        Pois/Air       32%        N/A       5%          2
 Spider Form              Tmut/Pois      18%        N/A       9%          3
 Magic Dart               Conj           16%        1d3       19%         1
 Summon Small Mammal      Summ           16%        N/A       19%         1
 Mephitic Cloud           Conj/Pois/Air  12%        N/A       19%         3
 Call Imp                 Summ           4%         N/A       26%         2
 Ensorcelled Hibernation  Hex/Ice        8%         N/A       26%         2
 Call Canine Familiar     Summ           4%         N/A       47%         3
 Portal Projectile        Hex/Tloc       8%         N/A       47%         3
 Summon Guardian Golem    Hex/Summ       4%         N/A       47%         3
 Tukima's Dance           Hex            4%         N/A       47%         3
 Anguish                  Hex/Necr       2%         N/A       87%         4
 Summon Ice Beast         Ice/Summ       4%         N/A       87%         4
 Blade Hands              Tmut           3%         N/A       98%         5
 Fireball                 Conj/Fire      2%         3d4       99%         5
 Iskenderun's Battlesphe  Conj           4%         2d6       99%         5
 Summon Mana Viper        Hex/Summ       4%         N/A       99%         5
 Conjure Ball Lightning   Conj/Air       2%         3x3d6     100%        6
 Monstrous Menagerie      Summ           2%         N/A       100%        7
 Orb of Destruction       Conj           2%         9d5       100%        7

Inventory:

Hand Weapons
 a - a +0 mace of venom (weapon) {mace}
   (You took it off an orc on level 6 of the Dungeon)
 p - the +5 hunting sling of Articulation {freeze, rCorr Dex+4, sling}
   (You found it on level 5 of the Dungeon)

   Any ammunition fired from it freezes those it strikes, dealing additional
   cold damage.
   It can also slow down cold-blooded creatures.
   Dex:       It affects your dexterity (+4).
   rCorr:     It protects you from acid and corrosion.
 q - a +3 trident of flaming {polearm}
   (You took it off a gnoll sergeant on level 5 of the Dungeon)
Armour
 t - the +4 moon troll leather armour (worn) {Spirit, Regen++ MP+5}
   (You found it on level 6 of the Dungeon)

   MP:        It affects your magic capacity (+5).
   Regen:     It increases your rate of health regeneration.
 u - an orb of light (worn)
   (You found it on level 6 of the Dungeon)
 x - a +0 cloak (worn)
   (You found it on level 7 of the Dungeon)
Jewellery
 g - a ring of see invisible
   (You found it on level 7 of the Dungeon)
 k - an amulet of faith {!P}
   (You found it on level 3 of the Dungeon)
 l - a ring of fire
   (You found it on level 3 of the Dungeon)
 r - a ring of magical power (left hand)
   (You found it on level 5 of the Dungeon)
Scrolls
 c - 4 scrolls of identify {@r1}
 h - a scroll of teleportation {@r4}
 i - 2 scrolls of brand weapon
 n - a scroll of vulnerability {!r!r}
 o - 2 scrolls of enchant weapon
 s - a scroll of enchant armour
Potions
 b - a potion of magic
 d - 3 potions of curing {unknown}
 e - a potion of lignification {!q}
 f - a potion of might
 j - 2 potions of attraction {unknown}
 m - a potion of invisibility {unknown}

Dungeon Overview and Level Annotations

Branches:
Dungeon (8/15) Zot: 26469  Temple (1/1) D:6 Zot: 5855
   Lair: D:8-11

Altars:
Ashenzari
Cheibriados
Fedhas
Hepliaklqana
Kikubaaqudgha
Makhleb
Nemelex Xobeh
Okawaru
Qazlal
Ru
Sif Muna
Trog
Uskayaw
Vehumet
Wu Jian
Xom
Yredelemnul
Zin
The Shining One

Shops:
D:4 ?   D:7 *

Annotations:
D:3 3 runed translucent doors, ShinZimon's ghost, amateur SpCj

#.#.....#.#..#.#.#
.#............#.#.#
..............#.#.#
.............##.#.#
............###.#.#
.##.............#.## ###
####..#.###...#..# #..
####..>.>.....#.# #.#
##.@...........#.## #.#.#
#.O............#..# .
#.#.#####.########....######
#. #(#.##....# #.#.....^..
#.##y#.##.##.# #.#########
#...y#....##.# ###.#........
############.# #......######
#....#....##.# #.....## #..
#.##.#.##.##.# #.....# ###


You could see a two-headed ogre (very poisoned).


Message History

You regained 2 hp, and now have 56/94 hp.
HP[+2]
You regained 2 hp, and now have 58/94 hp.
HP[+2] MP[+1]
You regained 2 hp, and now have 60/94 hp.
HP[+2]
You regained 2 hp, and now have 62/94 hp.
HP[+2]
You regained 2 hp, and now have 64/94 hp.
HP[+1] HP[+2] MP[+1]
You regained 2 hp, and now have 67/94 hp.
HP[+2]
You regained 2 hp, and now have 69/94 hp.
HP[+2]
You regained 2 hp, and now have 71/94 hp.
HP[+2]
You regained 2 hp, and now have 73/94 hp.
HP[+2]
You regained 2 hp, and now have 75/94 hp.
HP[+2] MP[+1]
You regained 2 hp, and now have 77/94 hp.
HP[+1] HP[+2]
You regained 2 hp, and now have 80/94 hp.
HP[+2]
You regained 2 hp, and now have 82/94 hp.
HP[+2] MP[+1]
You regained 2 hp, and now have 84/94 hp.
HP[+2]
You regained 2 hp, and now have 86/94 hp.
HP[+2]
You regained 2 hp, and now have 88/94 hp.
HP[+1] HP[+2]
You regained 2 hp, and now have 91/94 hp.
HP[+2] MP[+1]
You regained 2 hp, and now have 93/94 hp.
Casting: Olgreb's Toxic Radiance (dangerous; 7% risk of failure)
Confirm with . or Enter, or press ? or * to list all spells.
You begin to radiate toxic energy.
The two-headed ogre is poisoned.
HP[+1] MP[-4]
Your hp is fully restored (94).
You lost 4 mp, and now have 14/30 mp.
You hit the two-headed ogre.
The two-headed ogre looks even sicker.
Your toxic aura wanes.
The two-headed ogre hits you with a +0 giant club!!
The two-headed ogre hits you with a +0 giant club.
HP[-23] MP[-4]
You take 23 damage, and now have 71/94 hp.
MASSIVE DAMAGE!! (PAUSE)
You lost 4 mp, and now have 10/30 mp.
You hit the two-headed ogre but do no damage.
The two-headed ogre looks as sick as possible!
The two-headed ogre hits you with a +0 giant club!
The two-headed ogre hits you with a +0 giant club.
HP[-6] MP[-1]
You take 6 damage, and now have 65/94 hp.
You lost 1 mp, and now have 9/30 mp.
You hit the two-headed ogre.
The two-headed ogre hits you with a +0 giant club!!
* * * LOW HITPOINT WARNING * * *
The two-headed ogre hits you with a +0 giant club!
* * * LOW HITPOINT WARNING * * *
HP[-38] MP[-6]
You take 38 damage, and now have 27/94 hp.
MASSIVE DAMAGE!! (PAUSE)
You lost 6 mp, and now have 3/30 mp.
You feel much better. The two-headed ogre barely misses you.
The two-headed ogre hits you with a +0 giant club!
* * * LOW HITPOINT WARNING * * *
HP[+8] MP[-1]
You regained 8 hp, and now have 35/94 hp.
You lost 1 mp, and now have 2/30 mp.
You hit the two-headed ogre.
The two-headed ogre hits you with a +0 giant club!!
* * * LOW HITPOINT WARNING * * *
The two-headed ogre hits you with a +0 giant club!!
* * * LOW HITPOINT WARNING * * *
HP[-33] MP[-2]
You take 33 damage, and now have 2/94 hp.
MASSIVE DAMAGE!! (PAUSE)
You lost 2 mp, and now have 0/30 mp.
Okay, then.
As you read the scroll labelled EMYAWE GALOBO, it crumbles to dust.
A profound silence engulfs you.
It was a scroll of silence.
HP[+2] MP[+1]
You regained 2 hp, and now have 4/94 hp.
The two-headed ogre attacks as you move away!
The two-headed ogre misses you. The two-headed ogre barely misses you.
HP[+2]
You regained 2 hp, and now have 6/94 hp.
HP[+2]
You regained 2 hp, and now have 8/94 hp.
HP[+2]
You regained 2 hp, and now have 10/94 hp.
You hit the two-headed ogre.
The two-headed ogre hits you with a +0 giant club!
* * * LOW HITPOINT WARNING * * *
The two-headed ogre hits you with a +0 giant club.
You die...

Skill      XL: |  1  2  3  4  5  6  7  8  9 |
---------------+----------------------------+-----
Poison Magic   | 3 4 5 6 7 8 |  8.0
Fighting       | 4 8 |  8.0
Dodging        | 4 5 |  5.0
Armour         | 3 |  3.2
Spellcasting   | 5 |  5.1
Stealth        | |  1.4
Transmutations | |  0.8

Action                   |  1- 3 |  4- 6 |  7- 9 || total
-------------------------+-------+-------+-------++-------
Melee: Unarmed           |     2 |     8 |       ||    10
       Short sword       |     5 |   131 |    43 ||   179
       Punch             |       |     1 |     1 ||     2
       Spear             |       |    21 |       ||    21
       Trident           |       |       |    11 ||    11
       Mace              |       |       |   105 ||   105
 Cast: Sting             |    15 |     8 |     1 ||    24
       Olgreb's Toxic Ra |       |     4 |    39 ||    43
Invok: Lunge             |       |       |     4 ||     4
  Use: Scroll            |       |     6 |     3 ||     9
       Potion            |       |     1 |     3 ||     4
 Stab: Sleeping          |       |     3 |     1 ||     4
Armor: Robe              |     5 |    40 |    11 ||    56
       Skin              |       |     5 |     8 ||    13
       Troll leather arm |       |       |    43 ||    43
Dodge: Dodged            |     3 |    83 |    88 ||   174

Levels and vault maps discovered:
D:1:      zaba_arrival_water, layout_loops_ring, ebering_ecumenical_altar_webs,
          item_on_display_a
D:2:      layout_basic, interstate_on_off, hangedman_abyss_or_decor_lesser_grid,
          minmay_domino_2
D:3:      layout_loops_ring, mainiacjoe_overflow_alcove_1,
          overflow_temple_1_default, lemuel_doored_altar, gammafunk_ghost_split,
          minmay_checkerbox, uniq_sigmund, uniq_grinder
D:4:      layout_rooms, serial_shops, shop
D:5:      layout_rooms, minmay_tree_intersection, skrybe_limestone_x,
          minmay_misc_feat_square
D:6:      layout_cave_pools, temple_statues, dk_noncrumbling_3
D:7:      layout_basic, serial_shops, nicolae_shop_statue_plus, uniq_menkaure
D:8:      layout_rooms, mainiacjoe_overflow_brackets, serial_co_window_serial,
          co_window_corner_a, co_window_of_opportunity_a, co_window_paths_a,
          co_window_paths_a, co_window_paths_a, co_window_corner_a,
          co_window_paths_b, co_window_broadway_b, co_window_unsneaky_path_a,
          co_window_paths_c, co_window_4corner_a, glass_columns_a,
          glass_columns_a, glass_columns_c, glass_columns_c, glass_columns_a
Temple:   regret_index_temple_waves

Notes
Turn   | Place    | Note
-------+----------+-------------------------------------------
     0 | D:1      | zeratav the Ogre Venom Mage began the quest for the Orb.
     0 | D:1      | Reached XP level 1. HP: 16/16 MP: 3/3
     0 | D:1      | magus.rc [v1.9.6]
   333 | D:1      | Found a faded altar of an unknown god.
   338 | D:1      | Reached skill level 3 in Poison Magic
   409 | D:1      | Reached XP level 2. HP: 24/24 MP: 1/5
   727 | D:2      | Noticed a scorpion
   734 | D:2      | Killed a scorpion
   735 | D:2      | Reached skill level 4 in Poison Magic
   735 | D:2      | Reached XP level 3. HP: 15/31 MP: 3/6
   735 | D:2      | Reached XP level 4. HP: 19/39 MP: 3/7
  1545 | D:2      | You pick up a book of Callings and begin reading...
  1545 | D:2      | You add the spells Summon Small Mammal, Call Canine
                  | Familiar and Summon Guardian Golem to your library.
  2381 | D:3      | Reached skill level 5 in Poison Magic
  2381 | D:3      | Reached XP level 5. HP: 38/45 MP: 8/8
  2560 | D:3      | Found a runed translucent gate.
  2575 | D:3      | Found a glowing silver altar of Zin.
  2584 | D:3      | Found a runed translucent gate.
  2584 | D:3      | Found a runed translucent gate.
  2625 | D:3      | Noticed ShinZimon's ghost (amateur SpCj)
  3060 | D:3      | Found a basalt altar of Yredelemnul.
  3138 | D:3      | Found an ancient bone altar of Kikubaaqudgha.
  3311 | D:4      | Learned a level 4 spell: Olgreb's Toxic Radiance
  3312 | D:4      | Noticed an ogre
  3645 | D:4      | Found Junuge's Magic Scroll Emporium.
  3653 | D:4      | Bought a scroll of identify for 22 gold pieces
  3653 | D:4      | Bought a scroll of identify for 22 gold pieces
  3717 | D:4      | Reached skill level 6 in Poison Magic
  3717 | D:4      | Reached XP level 6. HP: 42/53 MP: 6/9
  4497 | D:4      | Reached skill level 7 in Poison Magic
  4497 | D:4      | Reached XP level 7. HP: 42/59 MP: 2/10
  4597 | D:5      | Entered Level 5 of the Dungeon
  4611 | D:5      | Identified the +5 hunting sling of Articulation {freeze,
                  | rCorr Dex+4}
  4736 | D:5      | HP: 9/59 [gnoll sergeant/+3 trident of flaming (7)]
  5268 | D:5      | Reached skill level 8 in Poison Magic
  5268 | D:5      | Reached skill level 1 in Fighting
  5682 | D:5      | Reached skill level 3 in Fighting
  5833 | D:6      | Reached skill level 4 in Fighting
  5833 | D:6      | Reached XP level 8. HP: 70/78 MP: 11/11
  6004 | D:6      | Found a staircase to the Ecumenical Temple.
  6013 | Temple   | Entered the Ecumenical Temple
  6092 | Temple   | Became a worshipper of the Wu Jian Council
  6194 | D:6      | Reached skill level 5 in Fighting
  6225 | D:6      | Found the +4 moon troll leather armour {Spirit, Regen++
                  | MP+5}
  6282 | D:6      | You pick up a book of Minor Magic and begin reading...
  6282 | D:6      | You add the spells Magic Dart and Call Imp to your library.
  6390 | D:6      | Reached skill level 6 in Fighting
  6439 | D:6      | Reached skill level 7 in Fighting
  6627 | D:6      | You pick up a book of Dreams and begin reading...
  6627 | D:6      | You add the spells Ensorcelled Hibernation, Spider Form and
                  | Anguish to your library.
  6988 | D:6      | Reached skill level 8 in Fighting
  7145 | D:7      | You pick up a book of Beasts and begin reading...
  7145 | D:7      | You add the spells Summon Ice Beast, Summon Mana Viper and
                  | Monstrous Menagerie to your library.
  7159 | D:7      | Reached skill level 2 in Dodging
  7314 | D:7      | Reached skill level 3 in Dodging
  7396 | D:7      | Reached skill level 4 in Dodging
  7488 | D:7      | Reached * piety under Wu Jian
  7489 | D:7      | Reached XP level 9. HP: 93/94 MP: 12/12
  7517 | D:7      | Found Qeontuuwn's General Store.
  7551 | D:7      | Noticed Menkaure
  7571 | D:7      | Killed Menkaure
  7750 | D:7      | Reached skill level 5 in Dodging
  7852 | D:7      | Reached skill level 1 in Armour
  7852 | D:7      | Reached skill level 3 in Spellcasting
  7929 | D:7      | Noticed a troll
  7961 | D:7      | Killed a troll
  7963 | D:7      | Reached skill level 2 in Armour
  7963 | D:7      | Reached skill level 4 in Spellcasting
  8201 | D:7      | You pick up a book of the Spheres and begin reading...
  8201 | D:7      | You add the spells Iskenderun's Battlesphere, Fireball,
                  | Conjure Ball Lightning and Orb of Destruction to your
                  | library.
  8474 | D:8      | You pick up a book of Weapons and begin reading...
  8474 | D:8      | You add the spells Tukima's Dance, Portal Projectile and
                  | Blade Hands to your library.
  8536 | D:8      | Reached skill level 3 in Armour
  8643 | D:8      | Found a bloodstained altar of Trog.
  8648 | D:8      | Reached skill level 5 in Spellcasting
  8943 | D:8      | Noticed a two-headed ogre
  8976 | D:8      | HP: 19/94 [two-headed ogre/+0 giant club (18)]
  8976 | D:8      | HP: 2/94 [two-headed ogre/+0 giant club (17)]
  8981 | D:8      | HP: 2/94 [two-headed ogre/+0 giant club (10)]
  8981 | D:8      | Slain by a two-headed ogre

Vanquished Creatures
  A troll (D:7)
  Menkaure (D:7)
  A steam dragon (D:8)
  3 ice beasts
  An orc warrior (D:6)
  An ogre (D:4)
  A phantom (D:4)
  5 bullfrogs
  A gnoll sergeant (D:5)
  A kobold brigand (D:7)
  2 necrophages
  3 scorpions
  5 wights (D:7)
  4 jellies
  An orc priest (D:6)
  2 hounds (D:5)
  3 iguanas
  5 orc wizards
  10 gnolls
  7 adders
  2 shadow imps
  2 white imps
  An ufetubus (D:5)
  4 dart slugs
  11 orcs
  2 endoplasms (D:3)
  4 giant cockroaches
  3 hobgoblins
  2 jackals (D:2)
  4 quokkas
  4 ball pythons
  2 bats (D:2)
  A frilled lizard (D:2)
  5 goblins
  11 kobolds
  4 rats
120 creatures vanquished.

Table legend:
 A = Non-vault XP
 B = Vault XP
 C = Vault XP percentage of total XP
 D = Non-vault monster count
 E = Vault monster count
 F = Vault count percentage of total count
                 A         B        C        D         E       F
            +---------+---------+-------+---------+---------+-------
      Total |    3633 |     188 |   4.9 |     116 |       4 |   3.3
            +---------+---------+-------+---------+---------+-------
        D:1 |      11 |       0 |   0.0 |       7 |       0 |   0.0
        D:2 |     115 |       1 |   0.9 |      15 |       1 |   6.2
        D:3 |      75 |       4 |   5.1 |      14 |       2 |  12.5
        D:4 |     473 |       0 |   0.0 |      16 |       0 |   0.0
        D:5 |     479 |       0 |   0.0 |      15 |       0 |   0.0
        D:6 |     760 |       0 |   0.0 |      18 |       0 |   0.0
        D:7 |    1328 |     183 |  12.1 |      23 |       1 |   4.2
        D:8 |     392 |       0 |   0.0 |       8 |       0 |   0.0
            +---------+---------+-------+---------+---------+-------

Illustrated notes

Table legend:
 A = Kills in this place as a percentage of kills in entire the game.
 B = Kills by you in this place as a percentage of kills by you in the entire game.
 C = Kills by friends in this place as a percentage of kills by friends in the entire game.
 D = Other kills in this place as a percentage of other kills in the entire game.
 E = Experience gained in this place as a percentage of experience gained in the entire game.
 F = Experience gained in this place divided by the number of levels of this place that you have seen.
                   A       B       C       D       E      F
               +-------+-------+-------+-------+-------+----------------------
         Total | 100.0 | 100.0 |   N/A |   N/A | 100.0 | 424.6
       Dungeon | 100.0 | 100.0 |   N/A |   N/A | 100.0 | 477.6
               +-------+-------+-------+-------+-------+----------------------

Table legend: (Time is in decaauts)
 A = Elapsed time spent in this place.
 B = Non-inter-level travel time spent in this place.
 C = Inter-level travel time spent in this place.
 D = Time resting spent in this place.
 E = Time spent auto-exploring this place.
 F = Levels seen in this place.
 G = Mean time per level.
                   A        B        C        D        E       F      G
               +--------+--------+--------+--------+--------+-----+--------+
         Total |   9053 |   8413 |    640 |   2489 |   3319 |   9 | 1005.9 |
       Dungeon |   8908 |   8338 |    570 |   2489 |   3261 |   8 | 1113.5 |
        Temple |    144 |     75 |     69 |      0 |     58 |   1 |  144.0 |
               +--------+--------+--------+--------+--------+-----+--------+

Top non-repeatable levels by time:
     D:4: 1519 daAuts
     D:2: 1502 daAuts
     D:3: 1320 daAuts
     D:7: 1296 daAuts
     D:6: 1225 daAuts
     D:5: 780 daAuts
     D:1: 732 daAuts
     D:8: 529 daAuts
  Temple: 144 daAuts
